 Dungeon Crawl Stone Soup version 0.31-a0-8-gd14b0f4ee2 (webtiles) character file.

Game seed: 17010736428455916730

15327 Morbidden the Sneak (level 12, -5/60 HPs)
             Began as a Vine Stalker Brigand on May 7, 2023.
             Was a Believer of Cheibriados.
             Slain by an eight-headed hydra (6 damage)
             ... on level 2 of the Lair of Beasts.
             The game lasted 00:20:06 (9279 turns).

Morbidden the Sneak (Vine Stalker Brigand)          Turns: 9279, Time: 00:20:07

Health: -5/60      AC:  9    Str: 21    XL:     12   Next: 25%
Magic:  0/22       EV: 21    Int: 20    God:    Cheibriados [**....]
Gold:   550        SH:  0    Dex: 20    Spells: 12/23 levels left

rFire   . . .        a - +1 dagger (venom)
rCold   . . .        (no shield)
rNeg    + . .        s - +2 robe "Vytaurai" {rN+}
rPois   .            A - +1 hat
rElec   .            c - +0 cloak
rCorr   .            F - +0 pair of gloves
SInv    .            f - +0 pair of boots
Will    +....        E - amulet of magic regeneration
Stlth   ++++         D - ring of wizardry
HPRegen 1.10/turn    z - +5 ring of evasion
MPRegen 0.58/turn

%: guardian spirit, wizardry (x1)
@: freezing walls, very slow
A: fangs 3, regeneration 1, magic shield, antimagic bite, no potion heal 2
a: Renounce Religion, Bend Time


You were on level 2 of the Lair of Beasts.
You worshipped Cheibriados.
Cheibriados was pleased with you.
You visited 3 branches of the dungeon, and saw 13 of its levels.
You also visited: Ossuary.

You collected 550 gold pieces.

Inventory:

Hand Weapons
 a - a +1 dagger of venom (weapon)
 b - a +0 dagger of holy wrath
 x - a +0 rapier
 O - a +1 long sword
 Q - a +4 dagger
 X - a +0 scimitar
Missiles
 e - 4 curare-tipped darts
 p - 3 javelins (quivered)
 w - a throwing net
 H - 2 boomerangs
 S - 24 poisoned darts
Armour
 c - a +0 cloak (worn)
 f - a +0 pair of boots (worn)
 m - the +1 leather armour "Gasot" {Int+5 Stlth-}
   (You found it on level 2 of the Dungeon)

   Int:       It affects your intelligence (+5).
   Stlth:     It makes you less stealthy.
 s - the +2 robe "Vytaurai" (worn) {rN+}
   (You found it on level 3 of the Dungeon)

   rN:        It protects you from negative energy.
 A - a +1 hat (worn)
 F - a +0 pair of gloves (worn)
 U - +0 acid dragon scales
 W - a +2 leather armour of cold resistance
Jewellery
 j - a ring of protection from fire
 n - a ring of ice
 z - a +5 ring of evasion (right hand)
 D - a ring of wizardry (left hand)
 E - an amulet of magic regeneration (around neck)
Wands
 r - a wand of paralysis (11)
 B - a wand of digging (6)
 L - a wand of roots (8)
 M - a wand of flame (7)
 N - a wand of mindburst (9)
Scrolls
 g - 12 scrolls of identify
 i - a scroll of noise {unknown}
 q - a scroll of vulnerability
 t - 3 scrolls of amnesia
 v - 2 scrolls of immolation
 y - 4 scrolls of poison
 I - 3 scrolls of teleportation
 K - a scroll of blinking
Potions
 d - a potion of invisibility {unknown}
 h - a potion of flight {unknown}
 k - 2 potions of berserk rage
 l - 8 potions of curing
 o - 6 potions of degeneration
 u - 3 potions of might {unknown}
 C - 2 potions of mutation {unknown}
 G - 2 potions of heal wounds {unknown}
 J - 2 potions of brilliance {unknown}
 R - a potion of cancellation {unknown}
 V - a potion of experience {unknown}


   Skills:
 * Level 5.3 Fighting
 * Level 6.8(7.5) Short Blades
 * Level 4.7(6.5) Long Blades
 * Level 5.5 Throwing
 * Level 4.6 Armour
 * Level 6.3 Dodging
 + Level 7.5 Stealth
 * Level 6.2 Spellcasting
 * Level 5.2 Conjurations
 + Level 4.9 Ice Magic
 * Level 1.3 Poison Magic
 * Level 2.7 Invocations
 * Level 4.4 Evocations


You had 12 spell levels left.
You knew the following spells:

 Your Spells              Type           Power      Damage    Failure   Level
a - Freeze                Ice            100%       1d10      1%          1
b - Hailstorm             Conj/Ice       26%        3d7       1%          3
x - Frozen Ramparts       Ice            50%        1d8       1%          3
z - Olgreb's Toxic Radia  Pois           11%        N/A       24%         4

Your spell library contained the following spells:

 Spells                   Type           Power      Damage    Failure   Level
 Ozocubu's Armour         Ice            25%        N/A       1%          3
 Momentum Strike          Conj/Tloc      32%        3d8       2%          2
 Sting                    Tmut/Pois      32%        1d4       3%          1
 Apportation              Tloc           12%        N/A       4%          1
 Necrotise                Necr           24%        1d5       4%          1
 Poisonous Vapours        Pois/Air       16%        N/A       4%          2
 Blink                    Tloc           12%        N/A       6%          2
 Lesser Beckoning         Tloc           12%        N/A       6%          2
 Vampiric Draining        Necr           6%         2d6       12%         3
 Alistair's Intoxication  Tmut/Pois      5%         N/A       61%         5
 Agony                    Necr           6%         N/A       71%         5
 Ozocubu's Refrigeration  Ice            12%        4d10      98%         7
 Malign Gateway           Summ/Tloc      3%         N/A       100%        7
 Shatter                  Erth           3%         3d7*      100%        9


Dungeon Overview and Level Annotations

Branches:
Dungeon (10/15)            Temple (1/1) D:4            Lair (2/5) D:8
 Spider (0/4) Lair:2      Ossuary (visited)
  Swamp: Lair:2-3    Shoals: Lair:2-3       Orc: D:9-12

Altars:
Ashenzari
Cheibriados
Dithmenos
Elyvilon
Fedhas
Gozag
Hepliaklqana
Kikubaaqudgha
Makhleb
Nemelex Xobeh
Okawaru
Qazlal
Ru
Sif Muna
Trog
Uskayaw
Vehumet
Wu Jian
Xom
Yredelemnul
Zin
The Shining One

Annotations:
D:10 2 transporters, larpak's ghost, novice MiFi


Innate Abilities, Weirdness & Mutations

You have razor-sharp teeth.
Your natural rate of healing is unusually fast.
When hurt, damage is shared between your health and your magic reserves.
Your bite disrupts and absorbs the magic of your enemies.
Potions cannot restore your health.


Message History

The eight-headed hydra bites you!
Unknown command.
Unknown command.
Casting: Frozen Ramparts (safe; 1% risk of failure)
Confirm with . or Enter, or press ? or * to list all spells.
Aiming: Freeze (safe; 1% risk of failure)
Press: ? - help, Shift-Dir - straight line, f - eight-headed hydra
Aim: an eight-headed hydra (severely wounded, very poisoned)
You freeze the eight-headed hydra.
The eight-headed hydra is severely wounded.
The eight-headed hydra seems to slow down.
The wall freezes the eight-headed hydra.
The eight-headed hydra seems to slow down.
The eight-headed hydra bites you!
The eight-headed hydra barely misses you.
The eight-headed hydra bites you! The eight-headed hydra bites you.
The eight-headed hydra misses you.
The eight-headed hydra barely misses you.
The eight-headed hydra bites you but does no damage.
The eight-headed hydra bites you!
Casting: Freeze (safe; 1% risk of failure)
Confirm with . or Enter, or press ? or * to list all spells.
Aiming: Freeze (safe; 1% risk of failure)
Press: ? - help, Shift-Dir - straight line, f/p - eight-headed hydra
Aim: an eight-headed hydra (severely wounded, very poisoned, slow)
You freeze the eight-headed hydra.
The eight-headed hydra is severely wounded.
The wall freezes the eight-headed hydra!
The eight-headed hydra seems to slow down.
The eight-headed hydra misses you. The eight-headed hydra bites you!
* * * LOW HITPOINT WARNING * * *
The eight-headed hydra bites you!
* * * LOW HITPOINT WARNING * * *
The eight-headed hydra bites you but does no damage.
The eight-headed hydra bites you!
* * * LOW HITPOINT WARNING * * *
The eight-headed hydra completely misses you.
The eight-headed hydra bites you but does no damage.
The eight-headed hydra bites you.
You die...

.P..... .. ......#
........# .# #.#......
........###.###P.#......
.((....?.#P.#.P.........
..(....................
............... #......
#.?.....#.# ........
#.D......# .#......
###@...####...#.....
.#......#P#P..P....#
#...................
#....................
.P....................
............#..........
.............#..P.......
...................P†...
.........#.....(P....


You could see an eight-headed hydra (very poisoned, slow).

Vanquished Creatures
  Joseph (D:7)
  5 cane toads
  A freezing wraith (D:10)
  2 unseen horror zombies (D:9)
  A kobold demonologist (D:10)
  4 komodo dragons (Lair:1)
  3 meliai (D:10)
  A troll (D:10)
  5 blink frogs (Lair:1)
  Grinder (D:4)
  32 yaks
  A wyvern (D:9)
  A basilisk (Lair:1)
  A steam dragon (Lair:2)
  An acid dragon (D:10)
  2 water moccasins (Lair:1)
  An orc warrior (D:10)
  2 ogres (D:5)
  2 ice beasts
  A black bear (D:5)
  3 wolves (Lair:1)
  9 centaurs
  A kobold brigand (D:8)
  A phantom (D:5)
  A bullfrog (D:8)
  4 scorpions
  11 wights
  2 water moccasin zombies (Ossuary)
  10 killer bees
  6 howler monkeys
  An electric eel (D:6)
  2 bullfrog zombies (Ossuary)
  2 centaur zombies (Ossuary)
  7 hounds
  A jelly (D:5)
  A gnoll bouda (D:8)
  2 orc priests
  Jessica (D:2)
  Ijyb (D:4)
  A sleepcap (D:5)
  3 iguanas
  4 orc wizards
  A scorpion zombie (Ossuary)
  2 killer bee zombies (D:9)
  An ogre zombie (Ossuary)
  3 gnolls (D:8)
  A howler monkey zombie (D:9)
  10 adders
  A shadow imp (D:7)
  3 white imps
  3 adder zombies (Ossuary)
  2 worms
  2 dart slugs
  17 orcs
  6 ball pythons
  5 endoplasms
  4 giant cockroaches
  4 gnoll zombies (Ossuary)
  5 goblins
  5 hobgoblins
  A jackal (D:2)
  3 quokkas
  7 bats
  A frilled lizard (D:1)
  4 goblin zombies (Ossuary)
  4 hobgoblin zombies (Ossuary)
  A jackal zombie (D:7)
  11 kobolds
  3 orc zombies (Ossuary)
  5 rats
257 creatures vanquished.

Vanquished Creatures (others)
  25 plants
  2 withered plants (D:9)
27 creatures vanquished.

Grand Total: 284 creatures vanquished

Notes
Turn   | Place    | Note
-------+----------+-------------------------------------------
     0 | D:1      | Morbidden the Vine Stalker Brigand began the quest for the
                  | Orb.
     0 | D:1      | Reached XP level 1. HP: 11/11 MP: 2/2
   125 | D:1      | Reached skill level 1 in Dodging
   205 | D:1      | Reached skill level 5 in Stealth
   207 | D:1      | Reached XP level 2. HP: 13/15 MP: 1/3
   541 | D:2      | Noticed Jessica
   549 | D:2      | Killed Jessica
   550 | D:2      | Reached XP level 3. HP: 15/18 MP: 4/4
   827 | D:2      | Found a stormy altar of Qazlal.
   962 | D:2      | Identified the +1 leather armour "Gasot" {Int+5 Stlth-}
   992 | D:2      | Gained mutation: Your natural rate of healing is unusually
                  | fast. [Vine Stalker growth]
   992 | D:2      | Reached XP level 4. HP: 11/23 MP: 1/5
  1739 | D:3      | Reached skill level 1 in Armour
  1739 | D:3      | Reached XP level 5. HP: 26/26 MP: 4/7
  1893 | D:3      | Identified the +2 robe "Vytaurai" {rN+}
  2199 | D:3      | Found a radiant altar of Vehumet.
  2199 | D:3      | Found an opulent altar of Gozag.
  2607 | D:4      | Reached skill level 1 in Spellcasting
  2730 | D:4      | Noticed Grinder
  2732 | D:4      | Found a staircase to the Ecumenical Temple.
  2746 | D:4      | Killed Grinder
  2747 | D:4      | Reached skill level 1 in Long Blades
  2747 | D:4      | Reached skill level 1 in Evocations
  2747 | D:4      | Reached XP level 6. HP: 32/32 MP: 7/9
  2773 | Temple   | Entered the Ecumenical Temple
  3053 | D:4      | Noticed Ijyb
  3081 | D:4      | Killed Ijyb
  3086 | D:4      | HP: 1/32 [poisoned by Ijyb]
  3091 | D:4      | HP: 1/32 [poisoned by Ijyb]
  3255 | D:5      | Entered Level 5 of the Dungeon
  3294 | D:5      | Reached XP level 7. HP: 35/35 MP: 10/10
  3636 | D:5      | Gained mutation: You have razor-sharp teeth. [Vine Stalker
                  | growth]
  3636 | D:5      | Reached XP level 8. HP: 39/39 MP: 12/12
  3640 | D:5      | Reached skill level 6 in Stealth
  3642 | D:5      | Learned a level 1 spell: Freeze
  4111 | D:6      | Reached skill level 1 in Ice Magic
  4177 | D:6      | Learned a level 3 spell: Hailstorm
  4325 | D:6      | Found a blossoming altar of Fedhas.
  4658 | D:7      | Found a sand-covered staircase.
  4674 | Ossuary  | Entered an ossuary
  4749 | Ossuary  | Reached skill level 5 in Short Blades
  4788 | Ossuary  | Reached XP level 9. HP: 44/44 MP: 14/14
  4837 | Ossuary  | Reached skill level 1 in Conjurations
  4856 | Ossuary  | Noticed a silent spectre
  5403 | D:7      | Noticed Joseph
  5420 | D:7      | Killed Joseph
  5765 | D:8      | Reached XP level 10. HP: 49/49 MP: 17/17
  5827 | D:8      | Got the Spellbook of Rocky Position
  5869 | D:8      | Found a staircase to the Lair.
  5869 | D:8      | Noticed a death yak
  5869 | D:8      | Noticed a death yak
  5898 | D:8      | Reached skill level 7 in Stealth
  5972 | D:8      | Noticed a death yak
  5972 | D:8      | Noticed a death yak
  6051 | D:9      | Found a glowing golden altar of the Shining One.
  6842 | D:9      | Found a snail-covered altar of Cheibriados.
  6867 | D:9      | Became a worshipper of Cheibriados the Contemplative
  6879 | D:9      | Found a shimmering altar of Xom.
  7162 | D:10     | Entered Level 10 of the Dungeon
  7201 | D:10     | Reached skill level 5 in Dodging
  7223 | D:10     | Reached XP level 11. HP: 33/54 MP: 16/19
  7231 | D:10     | Reached skill level 5 in Throwing
  7231 | D:10     | Reached skill level 1 in Invocations
  7238 | D:10     | Reached skill level 5 in Spellcasting
  7318 | D:10     | Noticed a sun demon
  7385 | D:10     | Reached * piety under Cheibriados
  7624 | D:10     | Found a transporter.
  7632 | D:10     | Noticed larpak's ghost (novice MiFi)
  7632 | D:10     | Noticed a moth of wrath
  7645 | D:10     | Found a transporter.
  7944 | D:10     | Reached skill level 5 in Fighting
  7952 | D:10     | Found a hazy altar of Hepliaklqana.
  7953 | D:10     | Found an iron altar of Okawaru.
  8079 | Lair:1   | Entered Level 1 of the Lair of Beasts
  8100 | Lair:1   | HP: 1/55 [komodo dragon (11)]
  8451 | Lair:1   | Reached ** piety under Cheibriados
  8547 | Lair:1   | Learned a level 4 spell: Olgreb's Toxic Radiance
  8551 | Lair:1   | Learned a level 3 spell: Frozen Ramparts
  8757 | Lair:1   | Reached XP level 12. HP: 60/60 MP: 21/21
  8782 | Lair:1   | Reached skill level 1 in Poison Magic
  8792 | Lair:1   | Reached skill level 5 in Conjurations
  9255 | Lair:2   | Found a hole to the Spider Nest.
  9270 | Lair:2   | Noticed an eight-headed hydra
  9279 | Lair:2   | HP: 1/60 [eight-headed hydra (5)]
  9279 | Lair:2   | Slain by an eight-headed hydra

Illustrated notes

Levels and vault maps discovered:
D:1:      dpeg_arrival_renting, layout_rooms, amcnicky_mini_rare_corridor_liquid
D:2:      layout_loops_ring, basic_altar, solitary_fountain, minmay_bisected,
          uniq_jessica
D:3:      layout_loops_ring, gammafunk_temple_overflow_wave,
          serial_bayou_crossing
D:4:      layout_rooms, minmay_temple_entry_stoned_glass, uniq_grinder,
          uniq_ijyb
D:5:      layout_loops_ring, st_stairs_12
D:6:      layout_basic, mainiacjoe_overflow_cross_hatched, serial_curves,
          eino_curves_01, eino_curves_04, minivault_14
D:7:      layout_basic, enter_ossuary_3, uniq_joseph
D:8:      layout_rooms, dpeg_lair_monsters
D:9:      nicolae_whirlpool, layout_basic,
          mainiacjoe_overflow_concentric_impassable,
          mainiacjoe_overflow_big_doors, serial_undead, serial_undead_c,
          serial_undead_b, serial_undead_f, serial_undead_d, serial_undead_d,
          hangedman_abyss_or_decor_slice, kennysheep_cross_room
D:10:     layout_loops_cross, gammafunk_temple_overflow_pools,
          gammafunk_ghost_berserking_beasts, roderic_roman_lattice
Temple:   dpeg_chambers_temple
Lair:1:   layout_regular_city, grunt_megastairs_1, serial_bayou_shore_b
Lair:2:   layout_gridlike, spider_nest_entry_web_field, lemuel_fruit_fields,
          lemuel_fruit_tree

Skill      XL: |  1  2  3  4  5  6  7  8  9 10 11 12 |
---------------+-------------------------------------+-----
Dodging        | 1 2 3 4 5 6 |  6.3
Stealth        | 5 6 7 |  7.5
Short Blades   | 2 3 4 5 6 |  6.8
Fighting       | 2 3 4 5 |  5.3
Armour         | 1 2 3 4 |  4.6
Spellcasting   | 1 2 3 4 5 6 |  6.2
Long Blades    | 1 2 3 4 |  4.7
Throwing       | 2 3 4 5 |  5.5
Evocations     | 1 2 3 4 |  4.4
Ice Magic      | 2 3 4 |  4.9
Conjurations   | 2 3 4 5 |  5.2
Invocations    | 2 |  2.7
Poison Magic   | 1 |  1.3

Action                     |  1- 3 |  4- 6 |  7- 9 | 10-12 || total
---------------------------+-------+-------+-------+-------++-------
  Melee: Dagger            |    86 |   169 |   411 |   562 ||  1228
         Bite              |    18 |    43 |   125 |   260 ||   446
         Punch             |       |       |     9 |     9 ||    18
  Throw: Dart              |       |    15 |       |    18 ||    33
         Javelin           |       |     1 |       |     3 ||     4
         Boomerang         |       |       |       |    13 ||    13
   Cast: Freeze            |       |       |    42 |    58 ||   100
         Hailstorm         |       |       |    14 |    13 ||    27
         Frozen Ramparts   |       |       |       |     8 ||     8
  Evoke: Wand              |       |     1 |     3 |     6 ||    10
    Use: Scroll            |       |       |     2 |    11 ||    13
         Potion            |       |       |       |     1 ||     1
   Stab: Sleeping          |     5 |     2 |    10 |     8 ||    25
         Paralysed         |       |     2 |     2 |     3 ||     7
         Distracted        |       |     1 |       |       ||     1
 Armour: Robe              |    15 |    10 |    99 |    87 ||   211
         Leather armour    |    13 |    64 |       |       ||    77
  Dodge: Dodged            |    46 |    97 |   352 |   489 ||   984

Table legend: (Time is in decaauts)
 A = Elapsed time spent in this place.
 B = Non-inter-level travel time spent in this place.
 C = Inter-level travel time spent in this place.
 D = Time resting spent in this place.
 E = Time spent auto-exploring this place.
 F = Levels seen in this place.
 G = Mean time per level.
                   A        B        C        D        E       F      G
               +--------+--------+--------+--------+--------+-----+--------+
         Total |   9616 |   9165 |    451 |    165 |   6586 |  14 |  686.9 |
       Dungeon |   7674 |   7279 |    395 |    130 |   5266 |  10 |  767.4 |
        Temple |    267 |    248 |     19 |      0 |    232 |   1 |  267.0 |
          Lair |   1474 |   1437 |     37 |     35 |   1061 |   2 |  737.0 |
       Ossuary |    200 |    200 |      0 |      0 |     26 |   1 |  200.0 |
               +--------+--------+--------+--------+--------+-----+--------+

Top non-repeatable levels by time:
  Lair:1: 1218 daAuts
     D:9: 1217 daAuts
     D:3: 1132 daAuts
    D:10: 1004 daAuts
     D:2: 853 daAuts
     D:7: 722 daAuts
     D:5: 722 daAuts
     D:6: 623 daAuts
     D:1: 539 daAuts
     D:4: 431 daAuts
     D:8: 427 daAuts
  Temple: 267 daAuts
  Lair:2: 255 daAuts
 Ossuary: 200 daAuts
